 Dungeon Crawl Stone Soup version 0.20.0-10-g0535bb4 (webtiles) character file.

1250 McKennaii the Slasher (level 8, 0/61 HPs)
             Began as a Demonspawn Fighter on June 5, 2017.
             Was an Initiate of Qazlal.
             Slain by a hound (6 damage)
             ... on level 6 of the Dungeon.
             The game lasted 00:08:29 (5052 turns).

McKennaii the Slasher (Demonspawn Fighter)          Turns: 5052, Time: 00:08:30

Health: 0/61       AC: -3    Str: 17    XL:     8   Next: 26%
Magic:  8/8        EV:  8    Int: 11    God:    Qazlal [......]
Gold:   335        SH:  9    Dex: 13    Spells: 7/7 levels left

rFire    . . .     SeeInvis .   a - +1 long sword
rCold    . . .     Gourm    .   c - +0 shield
rNeg     . . .     Faith    .   s - +0 scale mail (curse)
rPois    .         Spirit   .   n - +0 helmet
rElec    .         Reflect  .   B - scarf {repulsion}
rCorr    .         Harm     .   (no gloves)
MR       .....     Rnd*Tele +   (no boots)
Stlth    +.........             u - amulet of rage
Regen    0.2/turn               r - ring of teleportation (curse)
MPRegen  0.2/turn               z - ring of stealth

@: lethally poisoned (0 -> -1), corroded, drained, repel missiles
A: hooves 1, powered by death 1, sturdy frame 1
a: Renounce Religion, Evoke Berserk Rage


You were on level 6 of the Dungeon.
You worshipped Qazlal.
Qazlal was noncommittal.
You were hungry.

You visited 2 branches of the dungeon, and saw 7 of its levels.

You collected 335 gold pieces.

Inventory:

Hand Weapons
 a - a +1 long sword (weapon)
Armour
 c - a +0 shield (worn)
 j - a +0 chain mail of fire resistance
 n - a +0 helmet (worn)
 s - a cursed +0 scale mail (worn)
 y - a +2 cloak
 B - a scarf of repulsion (worn)
Jewellery
 r - a cursed ring of teleportation (left hand)
 u - an amulet of rage (around neck)
 v - an uncursed amulet of harm
 w - an uncursed ring of fire {unknown}
 z - a ring of stealth (right hand)
Scrolls
 g - a scroll of blinking
 k - 4 scrolls of identify
 l - 3 scrolls of teleportation
 m - a scroll of fog
 x - a scroll of enchant armour
Potions
 b - a potion of ambrosia
 d - a potion of might
 e - a potion of magic
 h - 3 potions of heal wounds {unknown}
 i - 4 potions of mutation {unknown}
 p - 2 potions of curing {unknown}
 q - 2 potions of lignification {unknown}
 t - 2 potions of haste {unknown}
 A - a potion of brilliance {unknown}
Comestibles
 f - 2 bread rations
 o - 3 meat rations


   Skills:
 + Level 4.4(3.5) Fighting
 + Level 6.0(5.1) Long Blades
 + Level 4.6(3.8) Armour
 + Level 2.6(1.8) Dodging
 + Level 1.3(0.5) Stealth
 + Level 4.6(3.7) Shields


You had 7 spell levels left.
You didn't know any spells.

Dungeon Overview and Level Annotations

Branches:
Dungeon (6/15)             Temple (1/1) D:5

Altars:
Elyvilon
Fedhas
Gozag
Makhleb
Nemelex Xobeh
Okawaru
Qazlal


Innate Abilities, Weirdness & Mutations

You have large cloven feet.
You regenerate a little health from kills.
Your movements are slightly less encumbered by armour. (ER -2)


Message History

You feel less invigorated.
You feel less confused.
You feel sick.
The hound barks!
You hear a bark!
The leopard gecko bites you. You block the leopard gecko's attack.
The hound bites you.
* * * LOW HITPOINT WARNING * * *
The leopard gecko closely misses you.
You riposte.
You miss the leopard gecko. Your kick misses the leopard gecko.
The hound bites you.
* * * LOW HITPOINT WARNING * * *
You slash the hound! Your kick misses the hound.
The hound is heavily wounded.
The hound bites you.
* * * LOW HITPOINT WARNING * * *
The leopard gecko bites you.
* * * LOW HITPOINT WARNING * * *
Your shield prevents you from hitting the hound.
The hound is heavily wounded.
The hound bites you.
You die...

# #### ..##...##
........##
.........#
.........#####.##..
.......<.Sl@h......
$.......######.###.
..##....# ####..
###


You could see a hound, an adder and a leopard gecko.

Vanquished Creatures
  The ghost of McKennaii the Skirmisher, an amateur DsFi (D:3)
  An ogre (D:4)
  7 big kobolds (D:3)
  A scorpion (D:4)
  A jelly (D:5)
  An orc priest (D:4)
  2 orc wizards (D:3)
  A bullfrog skeleton (D:4)
  2 worker ants
  14 adders
  3 gnolls
  An ooze (D:4)
  4 worms
  2 dart slugs (D:1)
  4 leopard geckos
  13 orcs
  5 ball pythons
  7 bats
  6 giant cockroaches
  7 hobgoblins
  7 jackals
  45 kobolds
  3 quokkas
  5 frilled lizards
  A giant cockroach zombie (D:5)
  5 goblins
  A quokka zombie (D:5)
  6 rats
156 creatures vanquished.

Notes
Turn   | Place    | Note
-------+----------+-------------------------------------------
     0 | D:1      | McKennaii the Demonspawn Fighter began the quest for the Orb.
     0 | D:1      | Reached XP level 1. HP: 18/18 MP: 1/1
   271 | D:1      | Reached skill level 2 in Long Blades
   271 | D:1      | Gained mutation: You regenerate a little health from kills. [demonic ancestry]
   271 | D:1      | Reached XP level 2. HP: 14/24 MP: 2/2
   798 | D:1      | Gained mutation: Your movements are slightly less encumbered by armour. (ER -2) [demonic ancestry]
   798 | D:1      | Reached XP level 3. HP: 19/29 MP: 3/3
  1117 | D:2      | Reached XP level 4. HP: 31/35 MP: 4/4
  1185 | D:2      | Found a sparkling altar of Nemelex Xobeh.
  1206 | D:2      | Reached skill level 3 in Long Blades
  1845 | D:3      | Noticed McKennaii's ghost (amateur DsFi)
  2096 | D:3      | Found a white marble altar of Elyvilon.
  2116 | D:3      | Reached XP level 5. HP: 15/41 MP: 5/5
  2631 | D:3      | Killed McKennaii's ghost
  2631 | D:3      | Reached skill level 4 in Long Blades
  2631 | D:3      | Gained mutation: You have large cloven feet. [demonic ancestry]
  2631 | D:3      | Reached XP level 6. HP: 24/47 MP: 6/6
  2916 | D:3      | Reached skill level 1 in Dodging
  2950 | D:3      | Reached skill level 1 in Stealth
  2996 | D:3      | Reached XP level 7. HP: 43/53 MP: 7/7
  3055 | D:3      | Reached skill level 5 in Long Blades
  4176 | D:4      | Reached XP level 8. HP: 61/61 MP: 8/8
  4591 | D:4      | Reached skill level 6 in Long Blades
  4758 | D:5      | Entered Level 5 of the Dungeon
  4924 | D:5      | Found a staircase to the Ecumenical Temple.
  4933 | Temple   | Entered the Ecumenical Temple
  4948 | Temple   | Became a worshipper of Qazlal Stormbringer
  5032 | D:5      | Noticed a rust devil
  5032 | D:5      | Noticed a rust devil
  5052 | D:6      | Slain by a hound

Skill      XL: |  1  2  3  4  5  6  7  8 |
---------------+-------------------------+-----
Long Blades    | 2 3 4 5 6 |  6.0
Armour         | 3 4 |  4.6
Shields        | 3 4 |  4.6
Dodging        | 1 2 |  2.6
Stealth        | 1 |  1.3
Fighting       | 4 |  4.4

Action                   |  1- 3 |  4- 6 |  7- 9 || total
-------------------------+-------+-------+-------++-------
Melee: Long sword        |   119 |   202 |   279 ||   600
       Kick              |       |    22 |    71 ||    93
 Abil: Evoke Berserk Rag |       |       |     1 ||     1
  Use: Scroll            |       |     8 |     1 ||     9
       Potion            |       |       |     1 ||     1
  Eat: Chunk             |     1 |     3 |     9 ||    13
       Royal jelly       |       |     1 |       ||     1
Armor: Scale mail        |    75 |   102 |   150 ||   327
Dodge: Dodged            |    43 |    65 |   117 ||   225
Block: Shield            |    58 |   106 |   130 ||   294
       Rpst.: Long sword |    20 |    18 |    36 ||    74
